Get step-by-step instructions on how to execute this build order below. Start the game timer, and the build order will tick by so you can play in parallel with StarCraft on a second screen or mobile device.

Game Time

  0:00

Last Step

  N/A

Next Step

Upcoming Step



Don't want to look back and forth between 2 screens? Try out our Overwolf App, the Spawning Tool Build Advisor to get an in-game overlay with this build!

Complete Build Order

  12  0:00  Probe  
  13  0:12  Probe  
  14  0:18  Pylon  
  14  0:24  Probe  
  15  0:36  Probe  
  16  0:42  Gateway  
  16  0:48  Probe  
  17  0:50  Assimilator  
  17  1:12  Probe (Chrono Boost)  
  18  1:23  Probe (Chrono Boost)  
  18  1:24  Assimilator  
  19  1:28  Probe (Chrono Boost)  
  20  1:35  Cybernetics Core  
  20  1:43  Gateway  
  20  1:47  Pylon  
  20  1:50  Zealot  
  22  1:57  Probe  
  23  2:26  Warp Gate  
  23  2:29  Robotics Facility  
  23  2:36  Probe (Chrono Boost)  
  24  2:46  Probe (Chrono Boost)  
  24  2:47  Nexus  
  25  2:57  Stalker  
  27  3:07  Probe  
  27  3:08  Stalker  
  30  3:16  Observer  
  30  3:19  Pylon  
  31  3:25  Pylon  
  31  3:37  Probe, Adept  
  34  3:44  Stalker  
  34  3:48  Observer  
  37  3:51  Probe  
  38  4:01  Gateway  
  38  4:04  Probe  
  38  4:05  Pylon  
  38  4:08  Probe  
  40  4:19  Zealot  
  42  4:34  Probe x2  
  44  4:46  Warp Prism, Probe x2  
  44  4:50  Stalker x2  
  52  5:17  Zealot x3  
  58  5:22  Twilight Council  
  58  5:25  Gateway  
  58  5:29  Probe  
  58  5:31  Assimilator  
  58  5:33  Pylon  
  59  5:36  Pylon  
  59  5:38  Assimilator  
  59  5:41  Probe  
  59  5:42  Probe  
  61  5:48  Zealot x3  
  67  5:53  Probe  
  67  5:54  Probe  
  69  6:06  Probe  
  70  6:17  Stalker  
  70  6:18  Stalker x2  
  76  6:23  Immortal (Chrono Boost)  
  80  6:41  Shield Battery  
  80  6:46  Forge, Charge (Chrono Boost)  
  80  6:53  Stalker x2  
  84  6:54  Stalker  
  86  7:03  Pylon  
  86  7:21  Immortal  
  90  7:24  Pylon  
  90  7:25  Pylon  
  89  7:40  Zealot  
  89  7:41  Zealot  
  89  7:43  Zealot x2  
  69  8:13  Zealot  
  69  8:14  Zealot x3  
  53  8:53  Stalker x4  
  53  9:16  Zealot x2  
  57  9:17  Zealot x2  
  55  9:45  Zealot  
  57  9:46  Zealot x2  
  43  10:02  Stalker x4  
  43  10:04  Immortal  
  47  10:33  Stalker x2  
  47  10:34  Stalker x2